Map: 이어 제로 - 래더

Players

Patience

  • Race: Protoss Protoss
  • Spawn Location: 11:00

Zest - Winner!

  • Race: Protoss Protoss
  • Spawn Location: 1:00

Event: IEM Season 13: Katowice (2019)

VOD

Have the link to the VOD?

Description

Time

  • Played on: Feb. 28, 2019, 6:59 a.m.
  • Length: 8:25

All games in this series

Show
View Real Time Build Order
Export as new Build Order

Patience Protoss 

Build Orders: Phoenix Opening 

Get SALT Encoding   

  12  0:01  Probe  
  13  0:13  Probe  
  14  0:18  Pylon  
  14  0:23  Probe  
  15  0:32  Probe  
  15  0:38  Gateway  
  15  0:41  Probe  
  16  0:47  Assimilator  
  17  0:52  Probe  
  17  0:56  Assimilator  
  18  1:00  Probe  
  18  1:08  Probe  
  18  1:09  Gateway  
  20  1:20  Probe  
  21  1:26  Cybernetics Core  
  21  1:32  Probe  
  22  1:38  Pylon  
  22  1:44  Warp Gate, Probe  
  23  1:56  Probe  
  24  2:02  Stalker  
  24  2:03  Sentry  
  28  2:08  Probe  
  28  2:15  Pylon  
  29  2:18  Pylon  
  29  2:32  Sentry  
  29  2:36  Sentry  
  23  2:37  Phoenix  
  33  2:39  Probe  
  34  2:49  Nexus  
  34  2:52  Probe  
  35  3:00  Pylon  
  35  3:04  Probe  
  36  3:15  Robotics Facility  
  36  3:18  Probe  
  37  3:30  Probe  
  37  3:32  Adept x2  
  42  3:42  Probe  
  43  3:52  Adept  
  43  3:53  Adept, Warp Prism  
  47  4:01  Probe  
  48  4:05  Probe  
  51  4:12  Twilight Council  
  51  4:15  Probe  
  52  4:19  Probe  
  49  4:32  Immortal  
  49  4:36  Probe x2  
  55  4:41  Pylon  
  55  4:46  Stalker  
  55  4:48  Stalker  
  59  4:54  Resonating Glaives  
  59  4:57  Pylon  
  59  5:02  Immortal  
  61  5:15  Probe x2  
  62  5:26  Pylon  
  62  5:27  Gateway, Probe  
  63  5:30  Gateway  
  63  5:35  Gateway  
  63  5:43  Immortal  
  63  5:47  Gateway  
  63  5:49  Gateway  
  65  6:06  Sentry x2  
  69  6:15  Pylon  
  69  6:16  Pylon  
  69  6:31  Adept x2  
  69  6:32  Adept x2  
  77  6:34  Pylon x2  
  77  6:35  Observer  
  78  6:49  Adept x3  
  78  6:51  Adept  
  78  6:52  Adept x3  
  86  7:10  Adept x3  
  88  7:31  Adept x3  
  88  7:32  Adept x2  
  68  7:55  Adept x6  
  62  8:18  Adept x4  
  56  8:20  Adept  
Show
View Real Time Build Order
Export as new Build Order

Zest Protoss - Winner!

Build Orders: Phoenix Opening, Zealot Archon 

Get SALT Encoding   

  12  0:00  Probe  
  13  0:12  Probe  
  14  0:17  Pylon  
  14  0:24  Probe  
  15  0:32  Probe  
  15  0:37  Gateway  
  15  0:40  Probe  
  16  0:47  Assimilator  
  17  0:51  Probe  
  17  0:55  Assimilator  
  18  0:59  Probe  
  19  1:08  Probe  
  19  1:09  Gateway  
  19  1:17  Probe  
  20  1:25  Cybernetics Core  
  21  1:29  Probe  
  22  1:38  Pylon  
  22  1:41  Probe  
  23  1:56  Probe  
  24  2:01  Stalker  
  24  2:02  Warp Gate, Sentry  
  28  2:14  Pylon  
  28  2:29  Sentry  
  30  2:35  Phoenix  
  32  2:37  Sentry  
  32  2:41  Nexus  
  32  2:44  Probe  
  33  2:53  Shield Battery  
  33  2:56  Probe  
  34  3:08  Probe  
  35  3:17  Robotics Facility  
  35  3:20  Probe  
  36  3:29  Probe  
  37  3:35  Pylon  
  37  3:37  Probe  
  38  3:46  Probe  
  38  3:53  Probe  
  38  3:55  Stalker x2, Warp Prism  
  44  3:58  Probe  
  45  4:03  Forge  
  45  4:07  Probe  
  45  4:08  Probe  
  48  4:15  Probe  
  48  4:16  Probe  
  49  4:19  Protoss Ground Weapons Level 1  
  49  4:20  Stalker  
  53  4:26  Probe x2  
  55  4:32  Observer  
  56  4:40  Probe x2  
  56  4:41  Pylon  
  58  4:50  Adept  
  58  4:51  Adept, Assimilator  
  62  4:53  Assimilator  
  62  4:59  Probe x2  
  64  5:01  Twilight Council  
  62  5:11  Probe x2  
  62  5:21  Stalker x2  
  62  5:23  Probe  
  62  5:25  Pylon  
  67  5:32  Probe  
  68  5:35  Probe  
  68  5:37  Charge  
  69  5:43  Immortal  
  69  5:47  Adept x2  
  77  5:50  Pylon  
  77  5:57  Templar Archives  
  77  6:10  Photon Cannon  
  75  6:11  Photon Cannon  
  75  6:14  Photon Cannon  
  75  6:21  Gateway  
  75  6:23  Gateway  
  73  6:27  Observer  
  77  6:32  Immortal  
  77  6:36  Gateway, High Templar x2  
  81  6:40  Archon  
  81  6:42  Gateway  
  81  6:54  Pylon  
  81  6:55  Photon Cannon  
  81  6:59  Pylon  
  81  7:09  High Templar x2  
  81  7:15  Archon  
  85  7:22  Immortal  
  89  7:23  Shield Battery  
  89  7:29  Adept x2  
  89  7:41  Adept  
  89  7:42  Adept x2  
  68  7:56  High Templar x2  
  71  8:00  Archon  
  71  8:02  Zealot x4  

Tags
 
Add a new tag
Caveats
  • Supply blocks, unpowered buildings, or Contaminate may cause inaccurate times.
  • Supply counts are checked every 10 seconds.